 Dungeon Crawl Stone Soup version 0.24-a0-136-gad582e5 (webtiles) character file.

Game seed: 6247262780989555771

303 galech the Chopper (level 6, 3/48 HPs)
             Began as a Demonspawn Fighter on Feb 28, 2019.
             Quit the game on level 3 of the Dungeon.
             The game lasted 00:01:42 (1711 turns).

galech the Chopper (Demonspawn Fighter)             Turns: 1711, Time: 00:01:43

Health: 3/48       AC:  6    Str: 21    XL:     6   Next: 15%
Magic:  0/6        EV:  8    Int: 10    God:
Gold:   75         SH: 10    Dex: 16    Spells: 5/5 levels left

rFire    . . .     SeeInvis .   a - +0 war axe
rCold    . . .     Gourm    .   c - +0 shield
rNeg     . . .     Faith    .   b - +0 scale mail
rPois    .         Spirit   +   (no helmet)
rElec    .         Reflect  .   (no cloak)
rCorr    .         Harm     .   (no gloves)
MR       .....                  (no boots)
Stlth    +.........             (no amulet)
HPRegen  0.16/turn              (no ring)
MPRegen  0.10/turn              (no ring)

@: mighty
A: talons 1, thin skeletal structure 1, spiny 1, magic shield
a: no special abilities


You were on level 3 of the Dungeon.
You were not hungry.

You visited 1 branch of the dungeon, and saw 3 of its levels.

You collected 75 gold pieces.

Inventory:

Hand Weapons
 a - a +0 war axe (weapon)
Armour
 b - a +0 scale mail (worn)
 c - a +0 shield (worn)
Jewellery
 l - an uncursed ring of resist corrosion {unknown}
Scrolls
 e - 2 scrolls of enchant weapon {unknown}
 g - a scroll of fear {unknown}
 h - 2 scrolls of remove curse {unknown}
 i - a scroll of blinking {unknown}
 j - 2 scrolls of identify {unknown}
 k - a scroll of fog {unknown}
 p - a scroll of teleportation {unknown}
Potions
 m - a potion of curing {unknown}
 n - a potion of mutation {unknown}
Comestibles
 f - 5 rations
 o - 3 chunks of flesh


   Skills:
 + Level 3.8 Fighting
 + Level 4.3 Axes
 + Level 3.5 Armour
 + Level 0.8 Dodging
 + Level 3.5 Shields


You had 5 spell levels left.
You didn't know any spells.
Your spell library was empty.

Dungeon Overview and Level Annotations

Branches:
Dungeon (3/15)

Altars:


Innate Abilities, Weirdness & Mutations

You have sharp toenails.
You have a somewhat thin skeletal structure. (Dex +2, Stealth)
You are partially covered in sharp spines.
When hurt, damage is shared between your health and your magic reserves.


Message History

There is an open door here.
You closely miss Grinder. Your kick misses Grinder.
Grinder is heavily wounded.
Grinder gestures at you. Pain shoots through your body!
* * * LOW HITPOINT WARNING * * *
Grinder gestures at you. Pain shoots through your body!
* * * LOW HITPOINT WARNING * * *
You slash Grinder! You claw Grinder!
You kill Grinder!
Your Axes skill increases to level 4!
You have reached level 5!
You have reached level 6!
Your experience leads to an increase in your attributes!
Your base attributes are Str 16, Int 10, Dex 13.
Increase (S)trength, (I)ntelligence, or (D)exterity?
You feel agile.
Your demonic ancestry asserts itself...
Your bones become slightly less dense.
Are you sure you want to abandon this character and quit the game? (Confirm with "yes".)

#........# #........#
#........# #########'##
#.......#.# .#.......#.#
.........'.#
.#.......################
.........@..............#
.#.......#############.##
........>.....# #.#
########.####.# #.# ...#
#.# #.# #########.# #.#
#.........# #.#
#)################.#
#.#......#.........#


There were no monsters in sight!

Vanquished Creatures
  Grinder (D:3)
  3 adders (D:2)
  5 worms
  5 dart slugs
  4 leopard geckos
  An orc (D:3)
  8 bats
  3 giant cockroaches
  4 goblins (D:2)
  5 hobgoblins
  4 jackals (D:1)
  A frilled lizard (D:3)
  9 kobolds
  5 rats (D:1)
58 creatures vanquished.

Notes
Turn   | Place    | Note
-------+----------+-------------------------------------------
     0 | D:1      | galech the Demonspawn Fighter began the quest for the Orb.
     0 | D:1      | Reached XP level 1. HP: 18/18 MP: 1/1
   127 | D:1      | Gained mutation: You have sharp toenails. [demonic
                  | ancestry]
   127 | D:1      | Reached XP level 2. HP: 15/24 MP: 2/2
   367 | D:1      | Reached skill level 2 in Axes
   542 | D:1      | Gained mutation: When hurt, damage is shared between your
                  | health and your magic reserves. [demonic ancestry]
   542 | D:1      | Reached XP level 3. HP: 29/29 MP: 3/3
  1114 | D:2      | Gained mutation: You are partially covered in sharp spines.
                  | [demonic ancestry]
  1114 | D:2      | Reached XP level 4. HP: 31/35 MP: 2/4
  1361 | D:2      | Reached skill level 3 in Axes
  1681 | D:3      | Noticed Grinder
  1685 | D:3      | Paralysed by Grinder for 7 turns
  1696 | D:3      | Paralysed by Grinder for 5 turns
  1710 | D:3      | Killed Grinder
  1710 | D:3      | Reached skill level 4 in Axes
  1710 | D:3      | Reached XP level 5. HP: 2/42 MP: 0/5
  1710 | D:3      | Gained mutation: You have a somewhat thin skeletal
                  | structure. (Dex +2, Stealth) [demonic ancestry]
  1710 | D:3      | Reached XP level 6. HP: 2/48 MP: 0/6
  1711 | D:3      | Quit the game

Levels and vault maps discovered:
D:1:      moated_graveyard_arrival, layout_basic
D:2:      layout_loops_ring
D:3:      minmay_octagon_keep, layout_basic, first_ration, uniq_grinder

Skill      XL: |  1  2  3  4 |
---------------+-------------+-----
Shields        | 3 |  3.5
Armour         | 3 |  3.5
Axes           | 2 4 |  4.3
Fighting       | |  3.8
Dodging        | |  0.8

Action                   |  1- 3 |  4- 6 || total
-------------------------+-------+-------++-------
Melee: War axe           |    98 |    50 ||   148
       Kick              |    14 |    15 ||    29
  Use: Potion            |       |     1 ||     1
  Eat: Chunk             |     1 |     2 ||     3
Armor: Scale mail        |    50 |    20 ||    70
Dodge: Dodged            |    24 |    15 ||    39
Block: Shield            |    52 |    27 ||    79

Table legend:
 A = Non-vault XP
 B = Vault XP
 C = Vault XP percentage of total XP
 D = Non-vault monster count
 E = Vault monster count
 F = Vault count percentage of total count
                 A         B        C        D         E       F
            +---------+---------+-------+---------+---------+-------
      Total |     161 |     272 |  62.8 |      57 |       1 |   1.7
            +---------+---------+-------+---------+---------+-------
        D:1 |      41 |       0 |   0.0 |      22 |       0 |   0.0
        D:2 |     104 |       0 |   0.0 |      29 |       0 |   0.0
        D:3 |      16 |     272 |  94.4 |       6 |       1 |  14.3
            +---------+---------+-------+---------+---------+-------
